 Dungeon Crawl Stone Soup version 0.17.1-3-g152610e (webtiles) character file.

34 Gargoyl the Skirmisher (level 3, 0/29 HPs)
             Began as a Demonspawn Abyssal Knight on Mar 27, 2016.
             Was a Follower of Lugonu.
             Slain by an ooze (2 damage)
             ... on level 2 of the Dungeon.
             The game lasted 00:04:34 (1766 turns).

Gargoyl the Skirmisher (Demonspawn Abyssal Knight)  Turns: 1766, Time: 00:04:34

Health: 0/29       AC:  4    Str: 13    XL:     3   Next: 14%
Magic:  0/14       EV: 16    Int: 13    God:    Lugonu [*.....]
Gold:   127        SH:  0    Dex: 12    Spells: 0 memorised, 2 levels left

rFire  . . .     SeeInvis .     a - +1 hand axe
rCold  . . .     Clarity  .     b - +0 leather armour
rNeg   . . .     SustAt   .     (no shield)
rPois  .         Gourm    .     (no helmet)
rElec  .         Spirit   +     (no cloak)
rCorr  .         Warding  .     (no gloves)
rMut   .         Stasis   .     j - +0 pair of boots
MR     .....                    (no amulet)
Stlth  +.........               n - +5 ring of evasion
                                e - ring of magical power

@: not resistant to hostile enchantments, very unstealthy
A: talons 1, magic shield
a: Depart the Abyss, Renounce Religion


You were on level 2 of the Dungeon.
You worshipped Lugonu.
Lugonu was aware of your devotion.
You were hungry.

You visited 1 branch of the dungeon, and saw 2 of its levels.
You visited the Abyss 1 time.

You collected 127 gold pieces.

Inventory:

Hand Weapons
 a - a +1 hand axe (weapon)
Armour
 b - a +0 leather armour (worn)
 j - a +0 pair of boots (worn)
Jewellery
 e - a ring of magical power (left hand)
 n - a +5 ring of evasion (right hand)
 p - an uncursed ring of positive energy {unknown}
Scrolls
 d - 2 scrolls of identify {unknown}
 i - a scroll of blinking {unknown}
 m - a scroll of remove curse {unknown}
 o - 2 scrolls of enchant weapon {unknown}
Potions
 f - 3 potions of curing {unknown}
 g - a potion of brilliance {unknown}
 h - a potion of resistance {unknown}
 l - a potion of lignification {unknown}
Comestibles
 c - 2 bread rations
 k - a meat ration


   Skills:
 + Level 3.4 Fighting
 + Level 2.1 Axes
 + Level 2.1 Armour
 + Level 1.3 Dodging
 + Level 0.2 Stealth
 + Level 2.7 Invocations


You had 2 spell levels left.
You didn't know any spells.

Dungeon Overview and Level Annotations

Branches:
Dungeon (2/15)

Altars:
Cheibriados
Zin


Innate Abilities, Weirdness & Mutations

You have sharp toenails.
When hurt, damage is shared between your health and your magic reserves.


Message History

The ooze hits you.
* * * LOW HITPOINT WARNING * * *
The ooze misses you. The ooze hits you.
* * * LOW HITPOINT WARNING * * *
The ooze hits you.
* * * LOW HITPOINT WARNING * * *
The ooze closely misses you. The ooze misses you. The ooze barely misses you.
The ooze completely misses you. The ooze misses you. The ooze hits you.
* * * LOW HITPOINT WARNING * * *
The ooze hits you.
* * * LOW HITPOINT WARNING * * *
The ooze hits you. The ooze barely misses you. The ooze hits you.
You die...

.
....####################
.....$J@................
....####################
# #[....# ###.# #<#.#
###.#.## #...#...
#.#....### ...........#


You could see an ooze.

Vanquished Creatures
  2 oozes
  7 goblins
  A hobgoblin (D:1)
  7 bats
  A giant cockroach (D:2)
  4 giant newts
  A kobold (D:2)
  5 rats (D:1)
28 creatures vanquished.

Notes
Turn   | Place    | Note
--------------------------------------------------------------
     0 | Abyss:1  | Gargoyl the Demonspawn Abyssal Knight began the quest for the Orb.
     0 | Abyss:1  | Reached XP level 1. HP: 18/18 MP: 2/2
    40 | Abyss:1  | Noticed a fire giant simulacrum
    55 | Abyss:1  | Noticed a small abomination
    58 | Abyss:1  | Noticed a worldbinder
    65 | Abyss:1  | Noticed an ironheart preserver
   101 | Abyss:2  | Noticed a wraith
   117 | Abyss:2  | Noticed a raiju
   118 | Abyss:2  | Noticed a raiju
   121 | D:1      | Escaped the Abyss
   628 | D:1      | Reached * piety under Lugonu
   628 | D:1      | Reached skill level 1 in Dodging
   655 | D:1      | Gained mutation: You have sharp toenails. [demonic ancestry]
   655 | D:1      | Reached XP level 2. HP: 18/24 MP: 3/3
  1464 | D:2      | Gained mutation: When hurt, damage is shared between your health and your magic reserves. [demonic ancestry]
  1464 | D:2      | Reached XP level 3. HP: 29/29 MP: 5/5
  1627 | D:2      | Found a glowing silver altar of Zin.
  1627 | D:2      | Found a snail-covered altar of Cheibriados.
  1766 | D:2      | Slain by an ooze

Action                   || total
-------------------------++-------
Melee: Hand axe          ||    83
Invok: Depart the Abyss  ||     1
  Eat: Chunk             ||     2
